 Dungeon Crawl Stone Soup version 0.29-a0-284-gf9362112df (webtiles) character file.

Game seed: 3006845907692114362

30 sokol815 the Firebug (level 3, 0/21 HPs)
             Began as an Octopode Fire Elementalist on Mar 21, 2022.
             Slain by a gnoll
             ... wielding a +0 spear of venom
              (7 damage)
             ... on level 1 of the Dungeon.
             The game lasted 00:03:28 (1379 turns).

sokol815 the Firebug (Octopode Fire Elementalist)   Turns: 1379, Time: 00:03:29

Health: 0/21       AC:  1    Str:  7    XL:     3   Next: 18%
Magic:  0/6        EV: 13    Int: 19    God:
Gold:   24         SH:  0    Dex: 12    Spells: 5/6 levels left

rFire   . . .      SeeInvis .   a - +0 falchion
rCold   . . .      Faith    .   (no shield)
rNeg    . . .      Spirit   .   (helmet restricted)
rPois   .          Reflect  .   (no amulet)
rElec   .          Harm     .   (no ring)
rCorr   .          Rampage  .   (no ring)
Will    .....                   (no ring)
Stlth   +++.......              (no ring)
HPRegen 0.07/turn               (no ring)
MPRegen 0.10/turn               (no ring)
                                (no ring)
                                (no ring)

@: lethally poisoned (0 -> -10)
A: almost no armour, amphibious, 8 rings, camouflage 1, gelatinous body 1,
(nimble swimmer 1), tentacles
a: no special abilities


You were on level 1 of the Dungeon.
You visited 1 branch of the dungeon, and saw 2 of its levels.

You collected 24 gold pieces.

Inventory:

Hand Weapons
 a - a +0 falchion (weapon)
   (You found it on level 1 of the Dungeon)
 b - a +0 club
   (You took it off a goblin on level 1 of the Dungeon)
 e - a +0 spear
   (You found it on level 1 of the Dungeon)
Missiles
 c - 4 boomerangs
 s - 16 stones
Scrolls
 d - a scroll of immolation {unknown}
 g - a scroll of blinking {unknown}
Potions
 f - a potion of berserk rage {unknown}
 h - a potion of curing {unknown}
 L - a potion of flight
 M - a potion of magic
 N - a potion of heal wounds {@q2}


   Skills:
 - Level 2.0 Dodging
 - Level 2.6 Stealth
 - Level 2.0 Spellcasting
 * Level 2.5 Conjurations
 + Level 3.4 Fire Magic


You had 5 spell levels left.
You knew the following spells:

 Your Spells              Type           Power      Damage    Failure   Level
a - Foxfire               Conj/Fire      52%        2x1d6     4%          1

Your spell library contained the following spells:

 Spells                   Type           Power      Damage    Failure   Level
 Scorch                   Fire           28%        2d6       6%          2
 Conjure Flame            Conj/Fire      13%        6-21      16%         3
 Inner Flame              Hex/Fire       8%         N/A       26%         3
 Flame Wave               Conj/Fire      13%        2d6       45%         4


Dungeon Overview and Level Annotations

Branches:
Dungeon (2/15)

Altars:


Innate Abilities, Weirdness & Mutations

You cannot wear most types of armour.
You are amphibious.
You can wear up to eight rings at the same time.
Your skin changes colour to match your surroundings (Stealth+).
Your rubbery body absorbs attacks. (AC +1, EV +1)
((You are camouflaged when in or above water. (Stealth+)))
You have tentacles for arms and can constrict up to eight enemies at once.


Message History

The foxfire hits the kobold but does no damage.
The foxfire hits the kobold.
You kill the kobold!
You now have 3/5 mp.
Okay, then.
A hobgoblin comes into view.
You conjure some foxfire!
The hobgoblin shouts!
A jackal comes into view.
You now have 2/5 mp.
You conjure some foxfire!
The foxfire hits the hobgoblin.
You now have 1/5 mp.
You conjure some foxfire!
The foxfire hits the hobgoblin but does no damage.
The foxfire hits the hobgoblin.
You kill the hobgoblin!
You now have 0/5 mp.
The foxfire hits the jackal.
The foxfire hits the jackal.
You conjure some foxfire!
You now have 0/5 mp.
The foxfire hits the jackal. x2
You kill the jackal!
You start resting.
A jackal comes into view.
You start resting.
MP restored: 5 You now have 24 gold pieces (gained 1).
A giant cockroach comes into view.
You conjure some foxfire!
You now have 4/5 mp.
You conjure some foxfire!
You now have 3/5 mp.
The foxfire hits the giant cockroach.
You kill the giant cockroach!
You have reached level 3!
Your experience leads to an increase in your attributes!
Increase (s)trength, (i)ntelligence, or (d)exterity?
You feel clever. x2
Health restored: 21 You start resting.
MP restored: 6 A jackal comes into view.
You conjure some foxfire!
You now have 5/6 mp.
A goblin comes into view. It is wielding a +0 club.
The goblin shouts!
The jackal barks!
The foxfire hits the jackal.
You kill the jackal!
You conjure some foxfire!
You now have 4/6 mp.
A jackal comes into view.
The foxfire hits the goblin.
You conjure some foxfire!
The jackal barks!
The foxfire hits the goblin.
You now have 3/6 mp.
You conjure some foxfire!
You now have 2/6 mp.
You slash the goblin!
You kill the goblin!
The foxfire hits the jackal. x2
You hit the jackal.
You kill the jackal!
Things that are here:
a +0 club; a goblin corpse You hear a splashing noise.
A bat comes into view.
You regained 2 mp, and now have 5/6 mp.
You conjure some foxfire!
You now have 4/6 mp.
Things that are here:
a +0 club; a goblin corpse A gnoll comes into view.
It is wielding a +0 spear of venom.
You conjure some foxfire!
The gnoll shouts!
The foxfire hits the bat but does no damage.
The foxfire hits the bat.
The bat closely misses you.
You conjure some foxfire!
The bat hits you but does no damage.
You now have 3/6 mp.
You conjure some foxfire!
The foxfire hits the gnoll. x2; The bat closely misses you.
The gnoll closely misses you.
You now have 2/6 mp.
You conjure some foxfire!
The foxfire hits the bat but does no damage.
The foxfire hits the gnoll.
The bat hits you.
The foxfire hits the bat.
You kill the bat!
The gnoll hits you from afar with a +0 spear of venom!
You are lethally poisoned!
You take 11 damage, and have 10/21 hp.
MASSIVE DAMAGE!!
You now have 1/6 mp.
You conjure some foxfire!
You feel very sick.
The foxfire hits the gnoll.
The gnoll hits you from afar with a +0 spear of venom!
You die...

####.......#
#####v## ###
.....#######
#.....####### #
######
#.##.........
#.#####.##
###.#####..
###.).†..†...
#.###...#####..#.
#....§#.##.... #
.#...§@v.......
#....§v.......
#.#≈PP.g..P≈≈≈ ..
#≈≈P≈≈.≈≈PP≈ #.
.≈P≈≈≈≈≈≈PP≈
.#≈≈P≈≈≈≈P≈≈≈
##!≈≈≈P≈≈P≈P≈P
#.≈P≈P≈≈≈P≈≈


You could see a gnoll (ally target).

Vanquished Creatures
  A dart slug (D:1)
  An endoplasm (D:1)
  2 giant cockroaches (D:1)
  3 goblins (D:1)
  3 hobgoblins (D:1)
  3 jackals (D:1)
  A quokka (D:1)
  A ball python (D:1)
  2 bats (D:1)
  2 frilled lizards (D:1)
  3 kobolds (D:1)
  4 rats (D:1)
26 creatures vanquished.

Vanquished Creatures (collateral kills)
  2 foxfires (D:1)
2 creatures vanquished.

Vanquished Creatures (others)
  84 foxfires (D:1)
  2 plants (D:1)
86 creatures vanquished.

Grand Total: 114 creatures vanquished

Notes
Turn   | Place    | Note
-------+----------+-------------------------------------------
     0 | D:1      | sokol815 the Octopode Fire Elementalist began the quest for
                  | the Orb.
     0 | D:1      | Reached XP level 1. HP: 11/11 MP: 3/3
   405 | D:1      | Reached XP level 2. HP: 17/17 MP: 1/5
   660 | D:1      | You fall into a shaft and drop 1 floor!
   811 | D:1      | Reached skill level 2 in Conjurations
  1307 | D:1      | Reached XP level 3. HP: 21/21 MP: 3/6
  1379 | D:1      | Slain by a gnoll

Illustrated notes

Levels and vault maps discovered:
D:1:      dpeg_arrival_fog, layout_loops_cross, serial_bayou,
          serial_bayou_pond_b, serial_bayou_pond_a, serial_bayou_pond_e,
          serial_bayou_shore_a
D:2:      layout_loops_ring, dreamdust_ecumenical_altar_angels_and_demons,
          minivault_14

Skill      XL: |  1  2 |
---------------+-------+-----
Conjurations   | 2 |  2.5
Dodging        | |  2.0
Stealth        | |  2.6
Spellcasting   | |  2.0
Fire Magic     | |  3.4

Action                   || total
-------------------------++-------
Melee: Unarmed           ||     4
       Tentacles         ||     2
       Falchion          ||     7
       Constrict         ||     2
 Cast: Foxfire           ||    51
  Use: Scroll            ||     2
 Stab: Sleeping          ||     1
Armor: Skin              ||     2
Dodge: Dodged            ||     5

Table legend: (Time is in decaauts)
 A = Elapsed time spent in this place.
 B = Non-inter-level travel time spent in this place.
 C = Inter-level travel time spent in this place.
 D = Time resting spent in this place.
 E = Time spent auto-exploring this place.
 F = Levels seen in this place.
 G = Mean time per level.
                   A        B        C        D        E       F      G
               +--------+--------+--------+--------+--------+-----+--------+
         Total |   1380 |   1371 |      9 |    501 |    664 |   2 |  690.0 |
       Dungeon |   1380 |   1371 |      9 |    501 |    664 |   2 |  690.0 |
               +--------+--------+--------+--------+--------+-----+--------+

Top non-repeatable levels by time:
     D:1: 1364 daAuts
     D:2: 15 daAuts

Table legend:
 A = Kills in this place as a percentage of kills in entire the game.
 B = Kills by you in this place as a percentage of kills by you in the entire game.
 C = Kills by friends in this place as a percentage of kills by friends in the entire game.
 D = Other kills in this place as a percentage of other kills in the entire game.
 E = Experience gained in this place as a percentage of experience gained in the entire game.
 F = Experience gained in this place divided by the number of levels of this place that you have seen.
                   A       B       C       D       E      F
               +-------+-------+-------+-------+-------+----------------------
         Total | 100.0 | 100.0 |   N/A |   N/A | 100.0 |  21.5
       Dungeon | 100.0 | 100.0 |   N/A |   N/A | 100.0 |  21.5
               +-------+-------+-------+-------+-------+----------------------
